 Dungeon Crawl Stone Soup version 0.21.1-1-g345015f (webtiles) character file.

2160 Kairos the Magician (level 9, -9/63 HPs)
             Began as a Demonspawn Ice Elementalist on Mar 26, 2018.
             Mangled by a two-headed ogre
             ... wielding a +0 giant spiked club
              (15 damage)
             ... on level 7 of the Dungeon.
             The game lasted 00:25:26 (6997 turns).

Kairos the Magician (Demonspawn Ice Elementalist)   Turns: 6997, Time: 00:25:27

Health: -9/63      AC: 13    Str: 10    XL:     9   Next: 10%
Magic:  11/17      EV: 13    Int: 17    God:
Gold:   141        SH:  0    Dex: 15    Spells: 18/19 levels left

rFire    . . .     SeeInvis +   v - +2 trident (pierce)
rCold    . . .     Gourm    .   (no shield)
rNeg     . . .     Faith    .   A - +3 leather armour {rPois}
rPois    +         Spirit   .   (helmet unavailable)
rElec    .         Reflect  .   (no cloak)
rCorr    +         Harm     .   x - +2 pair of gloves
MR       .....                  (no boots)
Stlth    ++........             p - amulet of regeneration
HPRegen  0.60/turn              o - ring of wizardry
MPRegen  0.15/turn              (no ring)

@: no status effects
A: antennae 3, yellow scales 3
a: no special abilities


You were on level 7 of the Dungeon.
You were not hungry.

You visited 1 branch of the dungeon, and saw 7 of its levels.

You collected 313 gold pieces.
You spent 172 gold pieces at shops.

Inventory:

Hand Weapons
 j - a +1 dagger of speed
 v - a +2 trident of piercing (weapon)
 y - a +1 flail of crushing
 F - a +1 flail of draining
Armour
 x - a +2 pair of gloves (worn)
 A - a +3 leather armour of poison resistance (worn)
Jewellery
 o - a ring of wizardry (left hand)
 p - an amulet of regeneration (around neck)
Wands
 f - a wand of flame (22)
Scrolls
 a - a scroll of identify
 g - 3 scrolls of remove curse
 i - 2 scrolls of teleportation
 l - 2 scrolls of enchant armour
 n - a scroll of amnesia
 r - a scroll of blinking {unknown}
 s - 2 scrolls of random uselessness {unknown}
 t - a scroll of immolation {unknown}
 u - a scroll of fear {unknown}
 C - 2 scrolls of magic mapping {unknown}
 D - a scroll of brand weapon {unknown}
Potions
 d - a potion of degeneration {unknown}
 e - a potion of agility
 h - 5 potions of curing
 k - 4 potions of might
 m - a potion of ambrosia
 q - 4 potions of lignification
 w - 2 potions of brilliance {unknown}
 z - a potion of heal wounds {unknown}
 B - 2 potions of haste
 E - a potion of resistance {unknown}
Books
 b - a book of Frost

   Spells                             Type                      Level
   a - Freeze                         Ice                          1
   b - Throw Frost                    Conjuration/Ice              2
   c - Ozocubu's Armour               Charms/Ice                   3
   d - Throw Icicle                   Conjuration/Ice              4
   e - Summon Ice Beast               Ice/Summoning                4
Comestibles
 c - 11 rations


   Skills:
 + Level 3.0 Fighting
 - Level 1.6 Short Blades
 + Level 4.5 Polearms
 + Level 2.3 Armour
 + Level 4.0 Dodging
 + Level 3.2 Stealth
 + Level 5.9 Spellcasting
   Level 1.0 Conjurations
 + Level 5.7 Ice Magic


You had 18 spell levels left.
You knew the following spells:

 Your Spells              Type           Power        Failure   Level  Hunger
a - Freeze                Ice            ###.         1%          1    None


Dungeon Overview and Level Annotations

Branches:
Dungeon (7/15)
 Temple: D:4-7

Altars:
Ashenzari
Dithmenos
Elyvilon
Gozag
Hepliaklqana
Makhleb
Nemelex Xobeh
Trog
Xom
Yredelemnul
Zin

Shops:
D:4 (   D:6 ?   D:7 :

Annotations:
D:6 Menkaure


Innate Abilities, Weirdness & Mutations

You have a pair of large antennae on your head. (SInv)
You are completely covered in yellow scales. (AC +4, rCorr)


Message History

Casting: Freeze
Confirm with . or Enter, or press ? or * to list all spells.
Aiming: Freeze
Press: ? - help, Shift-Dir - straight line, f/p - two-headed ogre
Aim: a two-headed ogre, wielding two giant spiked clubs (heavily wounded)
You freeze the two-headed ogre.
The two-headed ogre is severely wounded.
The two-headed ogre hits you with a giant spiked club.
* * * LOW HITPOINT WARNING * * *
The two-headed ogre hits you with a giant spiked club!
* * * LOW HITPOINT WARNING * * *
Casting: Freeze
Confirm with . or Enter, or press ? or * to list all spells.
Aiming: Freeze
Press: ? - help, Shift-Dir - straight line, f/p - two-headed ogre
Aim: a two-headed ogre, wielding two giant spiked clubs (severely wounded)
You freeze the two-headed ogre.
The two-headed ogre is severely wounded.
The two-headed ogre hits you with a giant spiked club!
You die...

#.#......# #.# #..#.##.#
###......## #.# #..#.##.#
#.......####.####..#.##.#
#...............#....##.#
#...............##.######
#...............##.#
#......#+###'#'###.#
#####......#..##.#.# #.#
.†.........##.##@#.###.#
...........##..#O#.....#
.........†.###.#z#.#####
#####......#
#...#.......#
...........#
##..#######.#
...........# #..#
......###### #..# ......#
#..# ......# #......#


You could see a two-headed ogre and a wight.

Vanquished Creatures
  A hippogriff (D:7)
  Sigmund (D:6)
  Eustachio (D:5)
  An ice beast (D:7)
  2 phantoms
  2 ogres (D:5)
  Blork the orc (D:5)
  A gnoll sergeant (D:5)
  2 howler monkeys
  A crimson imp (D:4)
  2 centaur zombies
  2 hounds
  8 orc wizards
  A bullfrog skeleton (D:7)
  4 orc priests
  2 iguanas
  Terence (D:3)
  Natasha (twice) (D:3)
  5 worker ants
  A hound skeleton (D:4)
  3 gnolls (D:5)
  7 adders
  An ooze (D:5)
  An adder zombie (D:5)
  2 adder skeletons
  2 worms
  4 dart slugs
  3 leopard geckos
  25 orcs
  3 ball pythons
  11 bats
  4 giant cockroaches
  2 gnoll zombies (D:4)
  10 goblins
  9 hobgoblins
  10 jackals
  3 quokkas
  6 frilled lizards
  A giant cockroach zombie (D:6)
  6 kobolds
  A quokka skeleton (D:5)
  A quokka zombie (D:5)
  12 rats
168 creatures vanquished.

Notes
Turn   | Place    | Note
-------+----------+-------------------------------------------
     0 | D:1      | Kairos the Demonspawn Ice Elementalist began the quest for the Orb.
     0 | D:1      | Reached XP level 1. HP: 13/13 MP: 3/3
     3 | D:1      | Noticed an elephant
   321 | D:1      | Gained mutation: You have a pair of small antennae on your head. [demonic ancestry]
   321 | D:1      | Reached XP level 2. HP: 5/19 MP: 1/5
  1525 | D:1      | Gained mutation: You are partially covered in yellow scales. (AC +2) [demonic ancestry]
  1525 | D:1      | Reached XP level 3. HP: 24/24 MP: 6/6
  1887 | D:1      | Noticed an elephant
  2578 | D:2      | Reached skill level 1 in Short Blades
  2726 | D:2      | Gained mutation: You have a pair of antennae on your head. [demonic ancestry]
  2726 | D:2      | Reached XP level 4. HP: 29/30 MP: 3/8
  2817 | D:3      | Noticed Terence
  3064 | D:3      | Killed Terence
  3115 | D:3      | Gained mutation: You have a pair of large antennae on your head. (SInv) [demonic ancestry]
  3115 | D:3      | Reached XP level 5. HP: 34/36 MP: 3/9
  3268 | D:3      | Noticed Natasha
  3279 | D:3      | Killed Natasha
  3355 | D:3      | Noticed Natasha
  3360 | D:3      | Killed Natasha
  3525 | D:4      | Reached skill level 1 in Fighting
  3616 | D:4      | Reached XP level 6. HP: 43/43 MP: 7/11
  3965 | D:4      | Found Uneong's Weapon Emporium.
  4042 | D:4      | Bought a +2 trident of piercing for 172 gold pieces
  4050 | D:4      | Found a shattered altar of Ashenzari.
  4112 | D:4      | Found a burning altar of Makhleb.
  4115 | D:4      | Found a sparkling altar of Nemelex Xobeh.
  4117 | D:4      | Found a shimmering altar of Xom.
  4407 | D:4      | Found a basalt altar of Yredelemnul.
  4580 | D:4      | Reached skill level 1 in Polearms
  4580 | D:4      | Gained mutation: You are mostly covered in yellow scales. (AC +3) [demonic ancestry]
  4580 | D:4      | Reached XP level 7. HP: 46/48 MP: 13/13
  4686 | D:5      | Entered Level 5 of the Dungeon
  4777 | D:5      | Noticed Blork the orc
  4798 | D:5      | Killed Blork the orc
  4898 | D:5      | Reached skill level 5 in Spellcasting
  4898 | D:5      | Reached skill level 5 in Ice Magic
  4898 | D:5      | Reached XP level 8. HP: 35/57 MP: 4/15
  5294 | D:5      | Found a bloodstained altar of Trog.
  5315 | D:5      | Noticed Eustachio
  5346 | D:5      | Killed Eustachio
  5346 | D:5      | Reached skill level 1 in Armour
  5743 | D:6      | Got a shimmering robe
  5754 | D:6      | Identified the +1 robe "Tidifusch" {rPois rF- MR- SInv} (You found it on level 6 of the Dungeon)
  5859 | D:6      | Noticed Sigmund
  5867 | D:6      | Killed Sigmund
  5885 | D:6      | Found an opulent altar of Gozag.
  6139 | D:6      | Found a white marble altar of Elyvilon.
  6140 | D:6      | Found a glowing silver altar of Zin.
  6141 | D:6      | Found a hazy altar of Hepliaklqana.
  6155 | D:6      | Found a shadowy altar of Dithmenos.
  6269 | D:6      | Found Boxkasm's Magic Scroll Shoppe.
  6336 | D:6      | Noticed Menkaure
  6584 | D:7      | Noticed a hippogriff
  6587 | D:7      | Found Uphuemuu's Book Shop.
  6627 | D:7      | Killed a hippogriff
  6627 | D:7      | Gained mutation: You are completely covered in yellow scales. (AC +4, rCorr) [demonic ancestry]
  6627 | D:7      | Reached XP level 9. HP: 34/62 MP: 7/17
  6980 | D:7      | Noticed a two-headed ogre
  6997 | D:7      | Mangled by a two-headed ogre

Skill      XL: |  1  2  3  4  5  6  7  8  9 |
---------------+----------------------------+-----
Ice Magic      | 3 4 5 |  5.7
Stealth        | 2 3 |  3.2
Dodging        | 2 3 4 |  4.0
Short Blades   | 1 |  1.6
Spellcasting   | 3 4 5 |  5.9
Fighting       | 1 2 3 |  3.0
Polearms       | 1 2 4 |  4.5
Armour         | 2 |  2.3
Conjurations   | |  1.0

Action                   |  1- 3 |  4- 6 |  7- 9 || total
-------------------------+-------+-------+-------++-------
Melee: Dagger            |   117 |   114 |       ||   231
       Trident           |       |    73 |   238 ||   311
 Cast: Freeze            |    53 |    81 |    88 ||   222
  Use: Scroll            |       |     3 |     6 ||     9
       Potion            |       |       |     1 ||     1
 Stab: Sleeping          |     2 |     1 |     4 ||     7
  Eat: Chunk             |     6 |     4 |     7 ||    17
       Ration            |       |     1 |       ||     1
Armor: Robe              |    39 |    53 |       ||    92
       Leather armour    |       |     9 |    75 ||    84
       Skin              |       |       |     4 ||     4
Dodge: Dodged            |   102 |   165 |   185 ||   452
